Comets vs Eagles
Created - July 26, 2022 at 06:54
Goals
|
Comets |
0 |
2 |
0 |
2 |
Eagles |
4 |
0 |
2 |
6 |
|
Shots
|
Comets |
10 |
15 |
15 |
40 |
Eagles |
18 |
6 |
7 |
31 |
|
1st period
1. Eagles , Daniel Carr 5 (Jonathan Marchessault 6, Nick Cousins 14) at 1:57 (PP)
2. Eagles , Nick Cousins 5 (Jonathan Marchessault 7, Jarred Tinordi 7) at 9:05
3. Eagles , Ryan Murphy 2 (Nick Cousins 15, Jarred Tinordi 8) at 12:29 (PP)
4. Eagles , Pius Suter 1 (Connor Carrick 4) at 17:28
Penalties :
Phil Di Giuseppe (Uti) for Roughing (Minor) at 1:42, Kurtis Macdermid (Uti) for Hooking (Minor) at 12:18
2nd period
5. Comets , Nathan Gerbe 5 (Sami Niku 5, Dennis Everberg 9) at 2:19
6. Comets , Nathan Gerbe 6 (Dennis Everberg 10) at 18:46
Penalties :
Andrej Nestrasil (Uti) for High sticking (Minor) at 5:30, Nathan Gerbe (Uti) for Hooking (Minor) at 9:46
3rd period
7. Eagles , Sam Steel 2 (Tyler Motte 3, Jarred Tinordi 9) at 12:52
8. Eagles , Jarred Tinordi 2 (Nick Cousins 16, Jonathan Marchessault 8) at 18:32
Penalties :
Drake Caggiula (Col) for Cross-checking (Minor) at 5:58, Kurtis Macdermid (Uti) for Hooking (Minor) at 15:52, Jarred Tinordi (Col) for Holding (Minor) at 16:20
Goalie Stats
Marek Langhamer (Uti), 12 saves from 14 shots - (0.857), 42:32 minutes
Thatcher Demko (Uti), 13 saves from 17 shots - (0.765), L, 6-1-0, 17:28 minutes
Marek Mazanek (Col), 38 saves from 40 shots - (0.950), W, 9-0-0, 60:00 minutes
Players Stats for Comets
Player Name G A P +/- PIM S H SB GA TA FO MP PP MP PK MP
------------------------------------------------------------------------------------
Andrej Nestrasil 0 0 0 0 2 3 1 0 2 0 11/17 16:26 0:49 0:23
Anton Karlsson 0 0 0 -1 0 0 0 0 0 0 0/0 0:56 0:28 0:14
Anton Zlobin 0 0 0 -1 0 5 0 0 0 0 0/0 7:16 0:00 0:00
Dan Renouf 0 0 0 0 0 0 0 2 0 1 0/0 20:20 0:46 1:13
Dennis Everberg 0 2 2 2 0 2 4 0 3 0 0/1 22:40 1:10 3:30
Jordan Gross 0 0 0 0 0 0 0 0 0 0 0/0 2:40 0:00 0:00
Joshua Leivo 0 0 0 0 0 6 0 2 1 0 0/0 17:43 0:49 1:08
Juho Lammikko 0 0 0 -2 0 3 3 0 0 1 0/0 11:25 0:00 0:00
Juuso Riikola 0 0 0 -2 0 1 1 1 0 2 0/0 24:51 1:41 3:39
Kurtis Macdermid 0 0 0 -2 4 1 1 0 0 1 0/0 7:55 0:28 0:00
Mackenzie MacEachern 0 0 0 -2 0 2 0 0 1 0 0/1 11:25 0:00 0:00
Nathan Gerbe 2 0 2 2 2 2 2 0 0 0 12/27 19:03 1:10 0:22
Nicolas Petan 0 0 0 -2 0 2 1 0 0 1 3/6 11:25 0:00 0:00
Oliver Kylington 0 0 0 0 0 2 1 0 1 0 0/0 20:20 0:46 1:13
Oskar Steen 0 0 0 0 0 0 0 0 0 0 0/0 0:00 0:00 0:00
Patrick Wey 0 0 0 -2 0 0 7 3 0 1 0/0 27:31 1:41 3:39
Phil Di Giuseppe 0 0 0 0 2 3 1 1 0 0 1/2 16:03 0:49 0:00
Rasmus Asplund 0 0 0 0 0 0 0 0 0 0 0/0 0:37 0:00 0:37
Sami Niku 0 1 1 0 0 1 0 0 0 0 0/0 12:09 0:00 0:00
Taylor Beck 0 0 0 1 0 7 1 0 1 0 3/10 23:22 1:38 3:30
Taylor Leier 0 0 0 0 0 0 0 0 0 0 0/0 0:00 0:00 0:00
Thomas DiPauli 0 0 0 0 0 0 0 0 0 0 0/0 0:00 0:00 0:00
Tyler Graovac 0 0 0 -1 0 0 1 0 0 0 2/4 7:16 0:00 0:00
William Lagesson 0 0 0 0 0 0 1 2 0 0 0/0 12:09 0:00 0:00
William Lockwood 0 0 0 0 0 0 0 0 0 0 0/0 0:00 0:00 0:00
Players Stats for Eagles
Player Name G A P +/- PIM S H SB GA TA FO MP PP MP PK MP
------------------------------------------------------------------------------------
Anthony Duclair 0 0 0 0 0 0 1 0 0 1 0/0 11:18 0:00 0:36
Connor Carrick 0 1 1 0 0 0 0 0 1 0 0/0 19:30 2:12 0:52
Daniel Carr 1 0 1 -1 0 3 0 1 0 0 7/8 24:12 3:05 1:18
Drake Caggiula 0 0 0 0 2 0 3 1 1 1 10/18 15:18 1:47 0:00
Jarred Tinordi 1 3 4 2 2 2 2 3 0 2 0/0 27:27 2:39 1:22
John Ramage 0 0 0 0 0 2 1 0 1 0 0/0 19:30 2:12 0:52
Jonathan Marchessault 0 3 3 0 0 2 3 1 1 2 15/27 22:55 3:05 0:33
Jonathan Racine 0 0 0 0 0 0 0 1 0 0 0/0 12:49 0:00 0:00
Joseph Blandisi 0 0 0 0 0 3 2 0 0 0 0/1 11:18 0:00 0:36
Keaton Middleton 0 0 0 1 0 0 0 0 0 0 0/0 4:19 0:00 0:00
Matteson Iacopelli 0 0 0 0 0 1 0 0 0 0 0/0 15:18 1:47 0:00
Nick Cousins 1 3 4 0 0 9 1 0 2 1 0/1 22:55 3:05 0:33
Pius Suter 1 0 1 2 0 3 0 0 0 0 1/5 7:58 0:00 0:00
Ryan Murphy 1 0 1 1 0 2 0 5 0 1 0/0 24:32 2:40 1:35
Sam Steel 1 0 1 2 0 1 0 0 0 0 0/0 8:07 0:00 0:00
Tomas Tatar 0 0 0 0 0 0 1 0 0 1 1/3 17:40 1:47 1:18
Tyler Motte 0 1 1 2 0 2 0 0 1 0 0/0 8:07 0:00 0:00
Xavier Ouellet 0 0 0 1 0 1 0 1 0 0 0/0 12:05 0:00 0:13
Zach Aston-Reese 0 0 0 0 0 0 1 1 0 0 2/5 10:42 0:00 0:00
3 Stars
1 - Jarred Tinordi (Col)
2 - Nick Cousins (Col)
3 - Marek Mazanek (Col)
Power Play
Comets - 0 on 2 Attempt(s) - 0.00%
Eagles - 2 on 5 Attempt(s) - 40.00%
Penalty Kill
Comets - 3 on 5 Attempt(s) - 60.00%
- Score 0 goal in Penalty Kill
Eagles - 2 on 2 Attempt(s) - 100.00%
- Score 0 goal in Penalty Kill
Team Stat
Comets - Hits : 25 - Faceoff Wins : 32 - Blocked Shots : 11 - Penalty Minutes : 10
Eagles - Hits : 15 - Faceoff Wins : 36 - Blocked Shots : 14 - Penalty Minutes : 4
Official
Referees : Marc Joannette and Pierre Lambert
Linesman : Travis Gawryletz and James Tobias
Game Notes
Marek Langhamer enters game at 17:28 of 1st period
Finance
Level 1 -- Attendance: 2000 (100.00%) -- Ticket Income $70,000
Level 2 -- Attendance: 1000 (100.00%) -- Ticket Income $15,000
Total Attendance: 3000 (100.00%)
Total Ticket Income: $85,000
Other Income: $4,250
Total Income: $89,250
Comets
5 vs 5 Forward
Center Left Wing Right Wing Time % Phy DF OF
1 Nathan Gerbe Taylor Beck Dennis Everberg 40 1 2 2
2 Andrej Nestrasil Phil Di Giuseppe Joshua Leivo 30 1 2 2
3 Nicolas Petan Mackenzie MacEachern Juho Lammikko 20 1 2 2
4 Tyler Graovac Kurtis Macdermid Anton Zlobin 10 1 2 2
5 vs 5 Defense
Defense Defense Time % Phy DF OF
1 Patrick Wey Juuso Riikola 40 1 2 2
2 Oliver Kylington Dan Renouf 30 1 2 2
3 Sami Niku William Lagesson 20 1 2 2
4 Jordan Gross Patrick Wey 10 1 2 2
PowerPlay Forward
Center Left Wing Right Wing Time % Phy DF OF
1 Nathan Gerbe Taylor Beck Dennis Everberg 60 1 2 2
2 Andrej Nestrasil Phil Di Giuseppe Joshua Leivo 40 1 2 2
PowerPlay Defense
Defense Defense Time % Phy DF OF
1 Patrick Wey Juuso Riikola 60 1 2 2
2 Oliver Kylington Dan Renouf 40 1 2 2
Penalty Kill 4 Players Forward
Center Wing Time % Phy DF OF
1 Taylor Beck Dennis Everberg 60 1 2 2
2 Nathan Gerbe Joshua Leivo 40 1 2 2
Penalty Kill 4 Players Defense
Defense Defense Time % Phy DF OF
1 Patrick Wey Juuso Riikola 60 1 2 2
2 Oliver Kylington Dan Renouf 40 1 2 2
Penalty Kill - 3 Players Forward
Forward Time % Phy DF OF
1 Taylor Beck 60 1 2 2
2 Dennis Everberg 40 1 2 2
Penalty Kill - 3 Players Defense
Defense Defense Time % Phy DF OF
1 Patrick Wey Juuso Riikola 60 1 2 2
2 Oliver Kylington Dan Renouf 40 1 2 2
4 vs 4 Forward
Center Wing Time % Phy DF OF
1 Taylor Beck Dennis Everberg 60 1 2 2
2 Nathan Gerbe Joshua Leivo 40 1 2 2
4 vs 4 Defense
Defense Defense Time % Phy DF OF
1 Patrick Wey Juuso Riikola 60 1 2 2
2 Oliver Kylington Dan Renouf 40 1 2 2
Last Minutes Offensive
Center Left Wing Right Wing Defense Defense
Nathan Gerbe Taylor Beck Dennis Everberg Patrick Wey Juuso Riikola
Last Minutes Defensive
Center Left Wing Right Wing Defense Defense
Nathan Gerbe Taylor Beck Dennis Everberg Patrick Wey Juuso Riikola
Goaltenders
Starting : Thatcher Demko
Backup : Marek Langhamer
Extra Forwards
Normal : Anton Karlsson, William Lockwood, Rasmus Asplund - PP : Anton Karlsson, William Lockwood - PK : Rasmus Asplund
Extra Defensemen
Normal : Sami Niku, William Lagesson, Jordan Gross - PP : Sami Niku - PK : William Lagesson, Jordan Gross
Penalty Shots
Taylor Beck, Dennis Everberg, Nathan Gerbe, Joshua Leivo, Andrej Nestrasil
Scratches
Jeremy Roy (Healthy), Dmitry Sokolov (Healthy)
Eagles
5 vs 5 Forward
Center Left Wing Right Wing Time % Phy DF OF
1 Jonathan Marchessault Daniel Carr Nick Cousins 40 1 2 2
2 Drake Caggiula Tomas Tatar Matteson Iacopelli 30 1 2 2
3 Zach Aston-Reese Joseph Blandisi Anthony Duclair 20 1 2 2
4 Pius Suter Sam Steel Tyler Motte 10 1 2 2
5 vs 5 Defense
Defense Defense Time % Phy DF OF
1 Jarred Tinordi Ryan Murphy 40 1 2 2
2 John Ramage Connor Carrick 30 1 2 2
3 Jonathan Racine Xavier Ouellet 20 1 2 2
4 Keaton Middleton Jarred Tinordi 10 1 2 2
PowerPlay Forward
Center Left Wing Right Wing Time % Phy DF OF
1 Jonathan Marchessault Daniel Carr Nick Cousins 60 1 2 2
2 Drake Caggiula Tomas Tatar Matteson Iacopelli 40 1 2 2
PowerPlay Defense
Defense Defense Time % Phy DF OF
1 Jarred Tinordi Ryan Murphy 60 1 2 2
2 John Ramage Connor Carrick 40 1 2 2
Penalty Kill 4 Players Forward
Center Wing Time % Phy DF OF
1 Daniel Carr Tomas Tatar 60 1 2 2
2 Jonathan Marchessault Nick Cousins 40 1 2 2
Penalty Kill 4 Players Defense
Defense Defense Time % Phy DF OF
1 Jarred Tinordi Ryan Murphy 60 1 2 2
2 John Ramage Connor Carrick 40 1 2 2
Penalty Kill - 3 Players Forward
Forward Time % Phy DF OF
1 Daniel Carr 60 1 2 2
2 Tomas Tatar 40 1 2 2
Penalty Kill - 3 Players Defense
Defense Defense Time % Phy DF OF
1 Jarred Tinordi Ryan Murphy 60 1 2 2
2 John Ramage Connor Carrick 40 1 2 2
4 vs 4 Forward
Center Wing Time % Phy DF OF
1 Daniel Carr Tomas Tatar 60 1 2 2
2 Jonathan Marchessault Nick Cousins 40 1 2 2
4 vs 4 Defense
Defense Defense Time % Phy DF OF
1 Jarred Tinordi Ryan Murphy 60 1 2 2
2 John Ramage Connor Carrick 40 1 2 2
Last Minutes Offensive
Center Left Wing Right Wing Defense Defense
Jonathan Marchessault Daniel Carr Nick Cousins Jarred Tinordi Ryan Murphy
Last Minutes Defensive
Center Left Wing Right Wing Defense Defense
Jonathan Marchessault Daniel Carr Nick Cousins Jarred Tinordi Ryan Murphy
Goaltenders
Starting : Marek Mazanek
Backup : Adin Hill
Extra Forwards
Normal : Tyler Motte, Sam Steel, Joseph Blandisi - PP : Tyler Motte, Sam Steel - PK : Joseph Blandisi
Extra Defensemen
Normal : Jonathan Racine, Xavier Ouellet, Keaton Middleton - PP : Jonathan Racine - PK : Xavier Ouellet, Keaton Middleton
Penalty Shots
Daniel Carr, Tomas Tatar, Jonathan Marchessault, Nick Cousins, Joseph Blandisi
Scratches
Chris Calhan (Healthy), Dominik Kubalik (Healthy), Jared McCann (Right Ankle Injury), Mark Friedman (Healthy), Michael Dal Colle (Healthy)
Stefan Elliott (Healthy), Max Lajoie (Healthy), Pascal Laberge (Healthy), Antoine Bibeau (Healthy)
% Time on Ice - Comets
Lines # - Real PCT - Wanted PCT - Time Play
Normal Forward
1 - 34% - 40% - 17:14
2 - 30% - 30% - 15:15
3 - 22% - 20% - 11:25
4 - 14% - 10% - 7:16
Normal Defense
1 - 36% - 40% - 18:36
2 - 35% - 30% - 17:45
3 - 24% - 20% - 12:09
4 - 5% - 10% - 2:40
PP Forward
1 - 67% - 60% - 1:38
2 - 33% - 40% - 0:49
PP Defense
1 - 69% - 60% - 1:41
2 - 31% - 40% - 0:46
PK Forward
1 - 77% - 60% - 3:44
2 - 23% - 40% - 1:08
PK Defense
1 - 75% - 60% - 3:39
2 - 25% - 40% - 1:13
PK3 Forward
1 - 0% - 60%
2 - 0% - 40%
PK3 Defense
1 - 0% - 60%
2 - 0% - 40%
44 Forward
1 - 66% - 60% - 1:00
2 - 34% - 40% - 0:31
44 Defense
1 - 60% - 60% - 0:55
2 - 40% - 40% - 0:36
Last Minute Offensive - 0:00
Last Minute Defensive - 0:00
Total
Forward - 60:00
Defense - 60:00
|
% Time on Ice - Eagles
Lines # - Real PCT - Wanted PCT - Time Play
Normal Forward
1 - 37% - 40% - 18:46
2 - 27% - 30% - 13:44
3 - 21% - 20% - 10:42
4 - 16% - 10% - 7:58
Normal Defense
1 - 37% - 40% - 19:07
2 - 31% - 30% - 16:05
3 - 23% - 20% - 11:39
4 - 8% - 10% - 4:19
PP Forward
1 - 63% - 60% - 3:05
2 - 37% - 40% - 1:47
PP Defense
1 - 55% - 60% - 2:40
2 - 45% - 40% - 2:12
PK Forward
1 - 78% - 60% - 1:54
2 - 22% - 40% - 0:33
PK Defense
1 - 65% - 60% - 1:35
2 - 35% - 40% - 0:52
PK3 Forward
1 - 0% - 60%
2 - 0% - 40%
PK3 Defense
1 - 0% - 60%
2 - 0% - 40%
44 Forward
1 - 79% - 60% - 1:12
2 - 21% - 40% - 0:19
44 Defense
1 - 77% - 60% - 1:10
2 - 23% - 40% - 0:21
Last Minute Offensive - 0:00
Last Minute Defensive - 0:00
Total
Forward - 60:00
Defense - 60:00
|
Play-by-Play
1st period
0:01 of 1st period - Nathan Gerbe wins face-off versus Jonathan Marchessault in neutral zone.
0:12 of 1st period - Wrist shot by Daniel Carr.
0:12 of 1st period - Stopped by Thatcher Demko without a rebound.
0:13 of 1st period - Drake Caggiula wins face-off versus Andrej Nestrasil in Comets zone.
0:38 of 1st period - Mackenzie MacEachern is hit by John Ramage and loses puck.
1:19 of 1st period - Snap shot by Dennis Everberg.
1:19 of 1st period - Shot Misses the Net.
1:42 of 1st period - Minor Penalty to Phil Di Giuseppe for Roughing.
1:43 of 1st period - Daniel Carr wins face-off versus Taylor Beck in Comets zone.
1:55 of 1st period - Wrist shot by Daniel Carr.
1:55 of 1st period - Stopped by Thatcher Demko with a rebound.
1:57 of 1st period - Wrist shot by Daniel Carr.
1:57 of 1st period - Goal by Daniel Carr - Comets : 0 - Eagles : 1.
1:58 of 1st period - Nathan Gerbe wins face-off versus Jonathan Marchessault in neutral zone.
2:17 of 1st period - Ryan Murphy is hit by Juuso Riikola and loses puck.
2:38 of 1st period - Snap shot by Joshua Leivo.
2:38 of 1st period - Stopped by Marek Mazanek with a rebound.
2:40 of 1st period - Slapshot by Oliver Kylington.
2:40 of 1st period - Shot Misses the Net.
2:52 of 1st period - Slapshot by Joseph Blandisi.
2:52 of 1st period - Shot Blocked by Dan Renouf.
3:14 of 1st period - Snap shot by Pius Suter.
3:14 of 1st period - Stopped by Thatcher Demko with a rebound.
3:16 of 1st period - Slapshot by Ryan Murphy.
3:16 of 1st period - Stopped by Thatcher Demko without a rebound.
3:17 of 1st period - Pius Suter wins face-off versus Taylor Beck in Comets zone.
3:55 of 1st period - Snap shot by Pius Suter.
3:55 of 1st period - Shot Blocked by William Lagesson.
3:57 of 1st period - Slapshot by Connor Carrick.
3:57 of 1st period - Deflect By Tyler Motte.
3:57 of 1st period - Stopped by Thatcher Demko with a rebound.
4:21 of 1st period - Slapshot by Sam Steel.
4:21 of 1st period - Shot Blocked by William Lagesson.
4:23 of 1st period - Snap shot by John Ramage.
4:23 of 1st period - Stopped by Thatcher Demko with a rebound.
4:25 of 1st period - Snap shot by Tyler Motte.
4:25 of 1st period - Stopped by Thatcher Demko without a rebound.
4:26 of 1st period - Daniel Carr wins face-off versus Andrej Nestrasil in Comets zone.
4:51 of 1st period - Keaton Middleton is hit by Juho Lammikko and loses puck.
5:24 of 1st period - Slapshot by Oliver Kylington.
5:24 of 1st period - Shot Misses the Net.
5:44 of 1st period - Slapshot by Phil Di Giuseppe.
5:44 of 1st period - Shot Misses the Net.
6:15 of 1st period - Jarred Tinordi is hit by Tyler Graovac and loses puck.
6:55 of 1st period - Wrist shot by Mackenzie MacEachern.
6:55 of 1st period - Shot Misses the Net.
7:01 of 1st period - Patrick Wey is hit by Anthony Duclair and loses puck.
7:14 of 1st period - Backhand shot by Anton Zlobin.
7:14 of 1st period - Stopped by Marek Mazanek without a rebound.
7:15 of 1st period - Tyler Graovac wins face-off versus Drake Caggiula in Eagles zone.
7:16 of 1st period - Snap shot by Anton Zlobin.
7:16 of 1st period - Stopped by Marek Mazanek without a rebound.
7:17 of 1st period - Jonathan Marchessault wins face-off versus Tyler Graovac in Eagles zone.
7:17 of 1st period - Jonathan Marchessault is hit by Kurtis Macdermid.
7:43 of 1st period - Wrist shot by Kurtis Macdermid.
7:43 of 1st period - Stopped by Marek Mazanek without a rebound.
7:44 of 1st period - Drake Caggiula wins face-off versus Nathan Gerbe in Eagles zone.
7:44 of 1st period - Drake Caggiula is hit by William Lagesson.
7:50 of 1st period - Dennis Everberg is hit by Drake Caggiula.
8:12 of 1st period - Wrist shot by Joshua Leivo.
8:12 of 1st period - Stopped by Marek Mazanek with a rebound.
8:14 of 1st period - Wrist shot by Joshua Leivo.
8:14 of 1st period - Stopped by Marek Mazanek with a rebound.
8:16 of 1st period - Snap shot by Joshua Leivo.
8:16 of 1st period - Shot Blocked by Ryan Murphy.
8:18 of 1st period - Slapshot by Phil Di Giuseppe.
8:18 of 1st period - Shot Misses the Net.
8:20 of 1st period - Snap shot by Andrej Nestrasil.
8:20 of 1st period - Deflect By Phil Di Giuseppe.
8:20 of 1st period - Shot Blocked by Jarred Tinordi.
8:20 of 1st period - Puck is out of play.
8:21 of 1st period - Jonathan Marchessault wins face-off versus Nathan Gerbe in Eagles zone.
8:57 of 1st period - Slapshot by Nick Cousins.
8:57 of 1st period - Stopped by Thatcher Demko with a rebound.
9:05 of 1st period - Snap shot by Nick Cousins.
9:05 of 1st period - Goal by Nick Cousins - Comets : 0 - Eagles : 2.
9:06 of 1st period - Andrej Nestrasil wins face-off versus Drake Caggiula in neutral zone.
9:11 of 1st period - Wrist shot by Joshua Leivo.
9:11 of 1st period - Shot Blocked by Ryan Murphy.
10:21 of 1st period - Connor Carrick is hit by Juho Lammikko and loses puck.
10:36 of 1st period - Snap shot by Andrej Nestrasil.
10:36 of 1st period - Stopped by Marek Mazanek with a rebound.
10:38 of 1st period - Snap shot by Joshua Leivo.
10:38 of 1st period - Stopped by Marek Mazanek with a rebound.
11:16 of 1st period - Wrist shot by Daniel Carr.
11:16 of 1st period - Shot Misses the Net.
11:18 of 1st period - Snap shot by Xavier Ouellet.
11:18 of 1st period - Stopped by Thatcher Demko without a rebound.
11:19 of 1st period - Jonathan Marchessault wins face-off versus Nicolas Petan in Comets zone.
12:18 of 1st period - Minor Penalty to Kurtis Macdermid for Hooking.
12:19 of 1st period - Taylor Beck wins face-off versus Jonathan Marchessault in Comets zone.
12:27 of 1st period - Slapshot by Nick Cousins.
12:27 of 1st period - Stopped by Thatcher Demko with a rebound.
12:29 of 1st period - Slapshot by Ryan Murphy.
12:29 of 1st period - Goal by Ryan Murphy - Comets : 0 - Eagles : 3.
12:30 of 1st period - Daniel Carr wins face-off versus Nathan Gerbe in neutral zone.
12:52 of 1st period - Taylor Beck is hit by Jonathan Marchessault and loses puck.
13:13 of 1st period - Icing by Juuso Riikola.
13:14 of 1st period - Drake Caggiula wins face-off versus Nathan Gerbe in Comets zone.
14:27 of 1st period - Icing by Dan Renouf.
14:28 of 1st period - Jonathan Marchessault wins face-off versus Tyler Graovac in Comets zone.
14:31 of 1st period - Snap shot by Jonathan Marchessault.
14:31 of 1st period - Stopped by Thatcher Demko with a rebound.
14:36 of 1st period - Off-side.
14:37 of 1st period - Jonathan Marchessault wins face-off versus Andrej Nestrasil in neutral zone.
14:48 of 1st period - Snap shot by Andrej Nestrasil.
14:48 of 1st period - Deflect By Joshua Leivo.
14:48 of 1st period - Shot Misses the Net.
14:48 of 1st period - Puck is out of play.
14:49 of 1st period - Andrej Nestrasil wins face-off versus Nick Cousins in Eagles zone.
15:14 of 1st period - Dennis Everberg is hit by Tomas Tatar and loses puck.
15:23 of 1st period - Snap shot by Taylor Beck.
15:23 of 1st period - Stopped by Marek Mazanek without a rebound.
15:24 of 1st period - Phil Di Giuseppe wins face-off versus Jonathan Marchessault in Eagles zone.
15:48 of 1st period - Icing by Tomas Tatar.
15:49 of 1st period - Nathan Gerbe wins face-off versus Drake Caggiula in Eagles zone.
16:03 of 1st period - Off-side.
16:04 of 1st period - Jonathan Marchessault wins face-off versus Andrej Nestrasil in neutral zone.
16:13 of 1st period - Wrist shot by Nick Cousins.
16:13 of 1st period - Stopped by Thatcher Demko with a rebound.
16:15 of 1st period - Slapshot by Jarred Tinordi.
16:15 of 1st period - Stopped by Thatcher Demko without a rebound.
16:16 of 1st period - Jonathan Marchessault wins face-off versus Nathan Gerbe in Comets zone.
16:25 of 1st period - Jarred Tinordi is hit by Dennis Everberg and loses puck.
17:28 of 1st period - Wrist shot by Pius Suter.
17:28 of 1st period - Goal by Pius Suter - Comets : 0 - Eagles : 4.
17:28 of 1st period - Marek Langhamer enters game.
17:29 of 1st period - Daniel Carr wins face-off versus Nathan Gerbe in neutral zone.
18:41 of 1st period - Wrist shot by Nicolas Petan.
18:41 of 1st period - Stopped by Marek Mazanek without a rebound.
18:42 of 1st period - Nicolas Petan wins face-off versus Pius Suter in Eagles zone.
19:15 of 1st period - Snap shot by Jonathan Marchessault.
19:15 of 1st period - Deflect By Nick Cousins.
19:15 of 1st period - Stopped by Marek Langhamer with a rebound.
19:23 of 1st period - John Ramage is hit by Nathan Gerbe and loses puck.
19:38 of 1st period - Drake Caggiula is hit by Oliver Kylington and loses puck.
Goals for this period are 0 for Comets vs 4 for Eagles.
Shots for this period are 10 for Comets vs 18 for Eagles.
2nd period
0:01 of 2nd period - Nathan Gerbe wins face-off versus Jonathan Marchessault in neutral zone.
0:26 of 2nd period - Jarred Tinordi is hit by Patrick Wey and loses puck.
0:33 of 2nd period - Snap shot by Andrej Nestrasil.
0:33 of 2nd period - Stopped by Marek Mazanek with a rebound.
0:37 of 2nd period - Slapshot by Phil Di Giuseppe.
0:37 of 2nd period - Stopped by Marek Mazanek with a rebound.
0:44 of 2nd period - Icing by Ryan Murphy.
0:45 of 2nd period - Drake Caggiula wins face-off versus Nicolas Petan in Eagles zone.
1:44 of 2nd period - Icing by William Lagesson.
1:45 of 2nd period - Jonathan Marchessault wins face-off versus Nathan Gerbe in Comets zone.
1:52 of 2nd period - Wrist shot by Nick Cousins.
1:52 of 2nd period - Stopped by Marek Langhamer with a rebound.
2:15 of 2nd period - Wrist shot by Dennis Everberg.
2:15 of 2nd period - Shot Blocked by Jonathan Marchessault.
2:17 of 2nd period - Slapshot by Sami Niku.
2:17 of 2nd period - Shot Misses the Net.
2:19 of 2nd period - Wrist shot by Nathan Gerbe.
2:19 of 2nd period - Goal by Nathan Gerbe - Comets : 1 - Eagles : 4.
2:20 of 2nd period - Drake Caggiula wins face-off versus Andrej Nestrasil in neutral zone.
2:36 of 2nd period - Jarred Tinordi is hit by Patrick Wey and loses puck.
2:47 of 2nd period - Joshua Leivo is hit by Zach Aston-Reese and loses puck.
2:54 of 2nd period - Snap shot by Joseph Blandisi.
2:54 of 2nd period - Stopped by Marek Langhamer without a rebound.
2:55 of 2nd period - Jonathan Marchessault wins face-off versus Mackenzie MacEachern in Comets zone.
4:31 of 2nd period - Snap shot by Nicolas Petan.
4:31 of 2nd period - Stopped by Marek Mazanek with a rebound.
4:33 of 2nd period - Slapshot by Patrick Wey.
4:33 of 2nd period - Shot Hit the Post.
5:20 of 2nd period - Snap shot by Zach Aston-Reese.
5:20 of 2nd period - Shot Misses the Net.
5:22 of 2nd period - Wrist shot by Jarred Tinordi.
5:22 of 2nd period - Shot Misses the Net.
5:30 of 2nd period - Minor Penalty to Andrej Nestrasil for High sticking.
5:31 of 2nd period - Tomas Tatar wins face-off versus Taylor Beck in Comets zone.
6:02 of 2nd period - Wrist shot by Taylor Beck.
6:02 of 2nd period - Shot Misses the Net.
6:28 of 2nd period - Slapshot by Dennis Everberg.
6:28 of 2nd period - Shot Misses the Net.
6:55 of 2nd period - Slapshot by Daniel Carr.
6:55 of 2nd period - Shot Blocked by Patrick Wey.
6:57 of 2nd period - Wrist shot by Daniel Carr.
6:57 of 2nd period - Shot Misses the Net.
6:59 of 2nd period - Wrist shot by Nick Cousins.
6:59 of 2nd period - Shot Misses the Net.
7:01 of 2nd period - Slapshot by Connor Carrick.
7:01 of 2nd period - Shot Blocked by Patrick Wey.
7:03 of 2nd period - Wrist shot by Nick Cousins.
7:03 of 2nd period - Shot Misses the Net.
7:05 of 2nd period - Wrist shot by Nick Cousins.
7:05 of 2nd period - Shot Blocked by Juuso Riikola.
7:07 of 2nd period - Wrist shot by John Ramage.
7:07 of 2nd period - Stopped by Marek Langhamer without a rebound.
7:08 of 2nd period - Drake Caggiula wins face-off versus Nathan Gerbe in Comets zone.
7:09 of 2nd period - Wrist shot by Tomas Tatar.
7:09 of 2nd period - Shot Misses the Net.
7:30 of 2nd period - Penalty to Andrej Nestrasil is over, Andrej Nestrasil is back on ice.
7:35 of 2nd period - Snap shot by Mackenzie MacEachern.
7:35 of 2nd period - Stopped by Marek Mazanek without a rebound.
7:36 of 2nd period - Zach Aston-Reese wins face-off versus Nicolas Petan in Eagles zone.
8:08 of 2nd period - Wrist shot by Joshua Leivo.
8:08 of 2nd period - Stopped by Marek Mazanek with a rebound.
8:22 of 2nd period - Slapshot by Tomas Tatar.
8:22 of 2nd period - Shot Blocked by Dan Renouf.
8:24 of 2nd period - Slapshot by Matteson Iacopelli.
8:24 of 2nd period - Shot Blocked by Joshua Leivo.
8:26 of 2nd period - Wrist shot by Matteson Iacopelli.
8:26 of 2nd period - Stopped by Marek Langhamer with a rebound.
9:10 of 2nd period - Icing by Phil Di Giuseppe.
9:11 of 2nd period - Andrej Nestrasil wins face-off versus Pius Suter in Comets zone.
9:36 of 2nd period - Patrick Wey is hit by Jonathan Marchessault and loses puck.
9:43 of 2nd period - Snap shot by Nick Cousins.
9:43 of 2nd period - Stopped by Marek Langhamer without a rebound.
9:44 of 2nd period - Nathan Gerbe wins face-off versus Jonathan Marchessault in Comets zone.
9:46 of 2nd period - Minor Penalty to Nathan Gerbe for Hooking.
9:47 of 2nd period - Taylor Beck wins face-off versus Jonathan Marchessault in Comets zone.
11:46 of 2nd period - Penalty to Nathan Gerbe is over, Nathan Gerbe is back on ice.
11:54 of 2nd period - Snap shot by Nicolas Petan.
11:54 of 2nd period - Shot Misses the Net.
11:56 of 2nd period - Snap shot by Juho Lammikko.
11:56 of 2nd period - Stopped by Marek Mazanek without a rebound.
11:57 of 2nd period - Nicolas Petan wins face-off versus Zach Aston-Reese in Eagles zone.
12:32 of 2nd period - Wrist shot by Joseph Blandisi.
12:32 of 2nd period - Stopped by Marek Langhamer with a rebound.
12:38 of 2nd period - Snap shot by Juho Lammikko.
12:38 of 2nd period - Shot Blocked by Zach Aston-Reese.
12:40 of 2nd period - Snap shot by Juho Lammikko.
12:40 of 2nd period - Stopped by Marek Mazanek without a rebound.
12:41 of 2nd period - Nathan Gerbe wins face-off versus Jonathan Marchessault in Eagles zone.
12:49 of 2nd period - Icing by Jarred Tinordi.
12:50 of 2nd period - Nathan Gerbe wins face-off versus Jonathan Marchessault in Eagles zone.
13:13 of 2nd period - Wrist shot by Dennis Everberg.
13:13 of 2nd period - Shot Misses the Net.
13:33 of 2nd period - Wrist shot by Dennis Everberg.
13:33 of 2nd period - Stopped by Marek Mazanek without a rebound.
13:34 of 2nd period - Drake Caggiula wins face-off versus Phil Di Giuseppe in Eagles zone.
13:39 of 2nd period - Phil Di Giuseppe is hit by Drake Caggiula and loses puck.
13:50 of 2nd period - Snap shot by Andrej Nestrasil.
13:50 of 2nd period - Shot Blocked by Drake Caggiula.
14:00 of 2nd period - Oliver Kylington is hit by Joseph Blandisi and loses puck.
15:40 of 2nd period - Wrist shot by Jarred Tinordi.
15:40 of 2nd period - Deflect By Sam Steel.
15:40 of 2nd period - Shot Blocked by Joshua Leivo.
15:40 of 2nd period - Puck is out of play.
15:41 of 2nd period - Andrej Nestrasil wins face-off versus Pius Suter in Comets zone.
15:46 of 2nd period - Slapshot by Joshua Leivo.
15:46 of 2nd period - Stopped by Marek Mazanek without a rebound.
15:47 of 2nd period - Jonathan Marchessault wins face-off versus Nathan Gerbe in Eagles zone.
15:47 of 2nd period - Jonathan Marchessault is hit by Dennis Everberg.
16:36 of 2nd period - Mackenzie MacEachern is hit by Jarred Tinordi and loses puck.
17:20 of 2nd period - Wrist shot by Taylor Beck.
17:20 of 2nd period - Stopped by Marek Mazanek without a rebound.
17:21 of 2nd period - Jonathan Marchessault wins face-off versus Nathan Gerbe in Eagles zone.
17:39 of 2nd period - Patrick Wey is hit by Jonathan Marchessault and loses puck.
17:46 of 2nd period - Nick Cousins is hit by Dennis Everberg.
18:18 of 2nd period - Snap shot by Taylor Beck.
18:18 of 2nd period - Stopped by Marek Mazanek with a rebound.
18:20 of 2nd period - Snap shot by Nathan Gerbe.
18:20 of 2nd period - Shot Blocked by Daniel Carr.
18:44 of 2nd period - Wrist shot by Nathan Gerbe.
18:44 of 2nd period - Shot Misses the Net.
18:46 of 2nd period - Wrist shot by Nathan Gerbe.
18:46 of 2nd period - Goal by Nathan Gerbe - Comets : 2 - Eagles : 4.
18:47 of 2nd period - Andrej Nestrasil wins face-off versus Drake Caggiula in neutral zone.
18:55 of 2nd period - Off-side.
18:56 of 2nd period - Andrej Nestrasil wins face-off versus Drake Caggiula in neutral zone.
19:03 of 2nd period - Snap shot by Andrej Nestrasil.
19:03 of 2nd period - Stopped by Marek Mazanek without a rebound.
19:04 of 2nd period - Andrej Nestrasil wins face-off versus Drake Caggiula in Eagles zone.
19:05 of 2nd period - Snap shot by Phil Di Giuseppe.
19:05 of 2nd period - Stopped by Marek Mazanek with a rebound.
Goals for this period are 2 for Comets vs 0 for Eagles.
Shots for this period are 15 for Comets vs 6 for Eagles.
3rd period
0:01 of 3rd period - Drake Caggiula wins face-off versus Dennis Everberg in neutral zone.
0:13 of 3rd period - Ryan Murphy is hit by Patrick Wey and loses puck.
0:34 of 3rd period - Phil Di Giuseppe is hit by Jarred Tinordi and loses puck.
0:51 of 3rd period - Zach Aston-Reese is hit by Juho Lammikko and loses puck.
1:02 of 3rd period - Off-side.
1:03 of 3rd period - Nathan Gerbe wins face-off versus Drake Caggiula in neutral zone.
1:08 of 3rd period - Wrist shot by Nathan Gerbe.
1:08 of 3rd period - Deflect By Drake Caggiula.
1:08 of 3rd period - Shot Misses the Net.
1:08 of 3rd period - Puck is out of play.
1:09 of 3rd period - Drake Caggiula wins face-off versus Nathan Gerbe in Eagles zone.
1:09 of 3rd period - Drake Caggiula is hit by Patrick Wey.
1:59 of 3rd period - Wrist shot by Tyler Graovac.
1:59 of 3rd period - Shot Misses the Net.
2:07 of 3rd period - Wrist shot by Anton Zlobin.
2:07 of 3rd period - Deflect By Tyler Graovac.
2:07 of 3rd period - Shot Misses the Net.
2:07 of 3rd period - Puck is out of play.
2:08 of 3rd period - Drake Caggiula wins face-off versus Nathan Gerbe in Eagles zone.
2:20 of 3rd period - Off-side.
2:21 of 3rd period - Nathan Gerbe wins face-off versus Jonathan Marchessault in neutral zone.
2:32 of 3rd period - Nick Cousins is hit by Nathan Gerbe and loses puck.
2:49 of 3rd period - Wrist shot by Joseph Blandisi.
2:49 of 3rd period - Stopped by Marek Langhamer without a rebound.
2:50 of 3rd period - Andrej Nestrasil wins face-off versus Joseph Blandisi in Comets zone.
2:59 of 3rd period - Andrej Nestrasil is hit by Joseph Blandisi and loses puck.
3:09 of 3rd period - Icing by Dan Renouf.
3:10 of 3rd period - Andrej Nestrasil wins face-off versus Jonathan Marchessault in Comets zone.
3:15 of 3rd period - Slapshot by Oliver Kylington.
3:15 of 3rd period - Stopped by Marek Mazanek with a rebound.
3:24 of 3rd period - Icing by Connor Carrick.
3:25 of 3rd period - Jonathan Marchessault wins face-off versus Taylor Beck in Eagles zone.
4:35 of 3rd period - Wrist shot by Anton Zlobin.
4:35 of 3rd period - Shot Blocked by Jarred Tinordi.
4:37 of 3rd period - Snap shot by Anton Zlobin.
4:37 of 3rd period - Stopped by Marek Mazanek with a rebound.
4:39 of 3rd period - Snap shot by Anton Zlobin.
4:39 of 3rd period - Stopped by Marek Mazanek with a rebound.
4:41 of 3rd period - Snap shot by Tyler Graovac.
4:41 of 3rd period - Shot Blocked by Jarred Tinordi.
4:43 of 3rd period - Slapshot by Sami Niku.
4:43 of 3rd period - Stopped by Marek Mazanek without a rebound.
4:44 of 3rd period - Zach Aston-Reese wins face-off versus Nathan Gerbe in Eagles zone.
4:55 of 3rd period - Slapshot by Dennis Everberg.
4:55 of 3rd period - Stopped by Marek Mazanek with a rebound.
5:09 of 3rd period - Tyler Motte is hit by Phil Di Giuseppe and loses puck.
5:39 of 3rd period - Wrist shot by Nick Cousins.
5:39 of 3rd period - Stopped by Marek Langhamer without a rebound.
5:40 of 3rd period - Nathan Gerbe wins face-off versus Tomas Tatar in Comets zone.
5:58 of 3rd period - Minor Penalty to Drake Caggiula for Cross-checking.
5:59 of 3rd period - Daniel Carr wins face-off versus Taylor Beck in Eagles zone.
6:07 of 3rd period - Snap shot by Taylor Beck.
6:07 of 3rd period - Shot Blocked by Ryan Murphy.
6:09 of 3rd period - Slapshot by Patrick Wey.
6:09 of 3rd period - Shot Misses the Net.
6:11 of 3rd period - Slapshot by Taylor Beck.
6:11 of 3rd period - Stopped by Marek Mazanek without a rebound.
6:12 of 3rd period - Daniel Carr wins face-off versus Nathan Gerbe in Eagles zone.
6:56 of 3rd period - Jonathan Marchessault is hit by Dennis Everberg and loses puck.
7:58 of 3rd period - Penalty to Drake Caggiula is over, Drake Caggiula is back on ice.
8:13 of 3rd period - Wrist shot by Juho Lammikko.
8:13 of 3rd period - Stopped by Marek Mazanek without a rebound.
8:14 of 3rd period - Nicolas Petan wins face-off versus Zach Aston-Reese in Eagles zone.
8:15 of 3rd period - Snap shot by Juho Lammikko.
8:15 of 3rd period - Deflect By Mackenzie MacEachern.
8:15 of 3rd period - Stopped by Marek Mazanek with a rebound.
9:00 of 3rd period - Slapshot by Phil Di Giuseppe.
9:00 of 3rd period - Stopped by Marek Mazanek without a rebound.
9:01 of 3rd period - Andrej Nestrasil wins face-off versus Jonathan Marchessault in Eagles zone.
9:10 of 3rd period - Wrist shot by Andrej Nestrasil.
9:10 of 3rd period - Shot Blocked by Xavier Ouellet.
9:57 of 3rd period - Wrist shot by Jonathan Marchessault.
9:57 of 3rd period - Stopped by Marek Langhamer with a rebound.
10:03 of 3rd period - Jonathan Marchessault is hit by Andrej Nestrasil and loses puck.
10:20 of 3rd period - Wrist shot by Joshua Leivo.
10:20 of 3rd period - Shot Misses the Net.
10:40 of 3rd period - Wrist shot by Nick Cousins.
10:40 of 3rd period - Deflect By Daniel Carr.
10:40 of 3rd period - Shot Blocked by Phil Di Giuseppe.
10:40 of 3rd period - Puck is out of play.
10:41 of 3rd period - Nathan Gerbe wins face-off versus Tomas Tatar in Comets zone.
11:42 of 3rd period - Nathan Gerbe is hit by Drake Caggiula and loses puck.
12:24 of 3rd period - Snap shot by Pius Suter.
12:24 of 3rd period - Stopped by Marek Langhamer without a rebound.
12:25 of 3rd period - Nathan Gerbe wins face-off versus Pius Suter in Comets zone.
12:52 of 3rd period - Wrist shot by Sam Steel.
12:52 of 3rd period - Goal by Sam Steel - Comets : 2 - Eagles : 5.
12:53 of 3rd period - Jonathan Marchessault wins face-off versus Nathan Gerbe in neutral zone.
12:58 of 3rd period - Wrist shot by Jonathan Marchessault.
12:58 of 3rd period - Shot Misses the Net.
13:18 of 3rd period - Jarred Tinordi is hit by Patrick Wey and loses puck.
13:51 of 3rd period - Snap shot by Joseph Blandisi.
13:51 of 3rd period - Shot Misses the Net.
13:53 of 3rd period - Snap shot by Joseph Blandisi.
13:53 of 3rd period - Shot Misses the Net.
14:27 of 3rd period - Connor Carrick is hit by Taylor Beck and loses puck.
15:28 of 3rd period - Wrist shot by Anton Zlobin.
15:28 of 3rd period - Stopped by Marek Mazanek with a rebound.
15:30 of 3rd period - Slapshot by Juuso Riikola.
15:30 of 3rd period - Stopped by Marek Mazanek without a rebound.
15:31 of 3rd period - Tyler Graovac wins face-off versus Drake Caggiula in Eagles zone.
15:34 of 3rd period - Snap shot by Tyler Graovac.
15:34 of 3rd period - Shot Blocked by Ryan Murphy.
15:52 of 3rd period - Minor Penalty to Kurtis Macdermid for Hooking.
15:53 of 3rd period - Jonathan Marchessault wins face-off versus Taylor Beck in Comets zone.
16:20 of 3rd period - Minor Penalty to Jarred Tinordi for Holding.
16:21 of 3rd period - Taylor Beck wins face-off versus Daniel Carr in Eagles zone.
16:22 of 3rd period - Slapshot by Dennis Everberg.
16:22 of 3rd period - Shot Misses the Net.
16:24 of 3rd period - Backhand shot by Juuso Riikola.
16:24 of 3rd period - Shot Blocked by Jonathan Racine.
16:26 of 3rd period - Backhand shot by Juuso Riikola.
16:26 of 3rd period - Shot Blocked by Ryan Murphy.
16:28 of 3rd period - Slapshot by Taylor Beck.
16:28 of 3rd period - Stopped by Marek Mazanek with a rebound.
16:30 of 3rd period - Snap shot by Taylor Beck.
16:30 of 3rd period - Shot Misses the Net.
16:34 of 3rd period - Snap shot by Taylor Beck.
16:34 of 3rd period - Stopped by Marek Mazanek without a rebound.
16:35 of 3rd period - Daniel Carr wins face-off versus Taylor Beck in Eagles zone.
16:35 of 3rd period - Daniel Carr is hit by Patrick Wey.
16:41 of 3rd period - Ryan Murphy is hit by Patrick Wey.
17:52 of 3rd period - Penalty to Kurtis Macdermid is over, Kurtis Macdermid is back on ice.
18:20 of 3rd period - Penalty to Jarred Tinordi is over, Jarred Tinordi is back on ice.
18:24 of 3rd period - Wrist shot by Taylor Beck.
18:24 of 3rd period - Stopped by Marek Mazanek with a rebound.
18:32 of 3rd period - Wrist shot by Jarred Tinordi.
18:32 of 3rd period - Goal by Jarred Tinordi - Comets : 2 - Eagles : 6.
18:33 of 3rd period - Andrej Nestrasil wins face-off versus Zach Aston-Reese in neutral zone.
18:58 of 3rd period - Connor Carrick is hit by Nicolas Petan.
19:06 of 3rd period - Juho Lammikko is hit by Nick Cousins and loses puck.
19:19 of 3rd period - Snap shot by Oliver Kylington.
19:19 of 3rd period - Shot Misses the Net.
19:21 of 3rd period - Snap shot by Dan Renouf.
19:21 of 3rd period - Shot Misses the Net.
19:23 of 3rd period - Slapshot by Tyler Graovac.
19:23 of 3rd period - Shot Misses the Net.
19:25 of 3rd period - Slapshot by Oliver Kylington.
19:25 of 3rd period - Stopped by Marek Mazanek without a rebound.
19:26 of 3rd period - Jonathan Marchessault wins face-off versus Andrej Nestrasil in Eagles zone.
19:35 of 3rd period - Slapshot by Connor Carrick.
19:35 of 3rd period - Shot Misses the Net.
19:37 of 3rd period - Slapshot by Jonathan Marchessault.
19:37 of 3rd period - Shot Blocked by Patrick Wey.
19:39 of 3rd period - Wrist shot by Nick Cousins.
19:39 of 3rd period - Stopped by Marek Langhamer with a rebound.
Goals for this period are 0 for Comets vs 2 for Eagles.
Shots for this period are 15 for Comets vs 7 for Eagles.